 Dungeon Crawl Stone Soup version 0.32-a0-899-geb5ba95c15 (console) character file.

Game seed: 1648105012222295569

1970833 rossyrg the Slayer (level 24, 208/208 (210) HPs)
             Began as a Minotaur Berserker on Apr 5, 2024.
             Was a High Priest of Trog.
             Escaped with the Orb
             ... and 3 runes!
             The game lasted 03:24:41 (48247 turns).

rossyrg the Slayer (Minotaur Berserker)            Turns: 48247, Time: 03:24:42

HP:   208/208 (210) AC: 40    Str: 37    XL:     24   Next: 86%
MP:   22/22         EV: 12    Int: 10    God:    Trog [*****.]
Gold: 3489          SH: 20    Dex:  9    Spells: 23/23 levels left

rFire   + + +        g - +12 eveningstar of Ureec {drain, rPois}
rCold   + + +        N - +2 tower shield {AC+3}
rNeg    + + .        T - +9 scales of the Dragon King {rPois rF+ rC+ Will+}
rPois   +            Y - +1 hat of the Onion {rElec Int+3}
rElec   +            f - scarf {rC+ rF+}
rCorr   +            n - +2 pair of gloves of Temperance {Str+4 Int+3 Clar}
SInv    +            A - +1 pair of boots of Ciczus {rN+}
Will    ++...        F - amulet of Wiunuade {Spirit Regen+ rCorr Slay+2} Stlth
                     v - ring of Lilacs {rF+ rC+ rN+}
HPRegen 1.34/turn    s - ring of see invisible
MPRegen 0.18/turn

%: clarity, guardian spirit
@: studying 2 skills, lightly drained
A: horns 2, retaliatory headbutt, iridescent scales 1, clarity, clumsy 1,
deformed body, deterioration 1, frail 1
0: Orb of Zot
}: 3/15 runes: barnacled, abyssal, gossamer
a: Renounce Religion, Berserk, Trog's Hand, Brothers in Arms


You escaped.
You worshipped Trog.
Trog was extremely pleased with you.
You visited 9 branches of the dungeon, and saw 43 of its levels.
You visited the Abyss 2 times.
You also visited: Sewer, Bailey, Gauntlet and Ice Cave.

You collected 6695 gold pieces.
You spent 3206 gold pieces at shops.

Inventory:

Hand Weapons
 g - the +12 eveningstar of Ureec (weapon) {drain, rPois}
   (You acquired it on level 7 of the Dungeon)

   rPois:     It protects you from poison.
 J - the +7 dire flail "Fiwkygof" {heavy, rPois SInv Stlth+}
   (Trog gifted it to you on level 2 of the Spider Nest)

   rPois:     It protects you from poison.
   SInv:      It lets you see invisible.
   Stlth+:    It makes you more stealthy.
Missiles
 L - 8 darts of dispersal
 Q - 3 throwing nets
 U - 36 boomerangs (quivered)
 V - 29 silver javelins
 W - 11 javelins
Armour
 f - a scarf of resistance (worn)
 n - the +2 pair of gloves of Temperance (worn) {Str+4 Int+3 Clar}
   (You bought it in a shop on level 2 of the Depths)

   Str+4:     It affects your strength (+4).
   Int+3:     It affects your intelligence (+3).
   Clar:      It protects you from confusion, rage, mesmerisation and fear.
 A - the +1 pair of boots of Ciczus (worn) {rN+}
   (You found it on level 4 of the Depths)

   rN+:       It protects you from negative energy.
 N - a +2 tower shield of protection (worn)
 T - the +9 scales of the Dragon King (worn) {rPois rF+ rC+ Will+}
   (You found it on level 3 of the Spider Nest)

   rF+:       It protects you from fire.
   rC+:       It protects you from cold.
   rPois:     It protects you from poison.
   Will+:     It increases your willpower.
 Y - the +1 hat of the Onion (worn) {rElec Int+3}
   (You found it on level 4 of the Spider Nest)

   Int+3:     It affects your intelligence (+3).
   rElec:     It insulates you from electricity.
Jewellery
 i - a ring of resist corrosion
 k - a ring of flight
 s - a ring of see invisible (right hand)
 v - the ring of Lilacs (left hand) {rF+ rC+ rN+}
   (You acquired it on level 1 of the Elven Halls)

   [ring of protection from fire]

   rF+:       It protects you from fire.
   rC+:       It protects you from cold.
   rN+:       It protects you from negative energy.
 F - the amulet of Wiunuade (around neck) {Spirit Regen+ rCorr Slay+2}
   (You acquired it on level 5 of the Dungeon)

   [amulet of guardian spirit]

   Spirit:    It causes incoming damage to be divided between your reserves of
   health and magic.
   Slay+2:    It affects your accuracy & damage with ranged weapons and melee
   (+2).
   Regen+:    It increases your rate of health regeneration.
   rCorr:     It protects you from acid and corrosion.
 O - the dreamshard necklace {Acrobat *Dream}
   (You took it off a deep elf sorcerer on level 3 of the Elven Halls)

   [amulet of the acrobat]

   *Dream:    It absorbs a single lethal wound into itself, holding its wearer
   just short of death and releasing dream-creatures to guard them.
   Acrobat:   It increases your evasion while moving and waiting.
 Z - the ring "Vicud" {rN+ Dex+5}
   (You took it off a minotaur in a Gauntlet)

   [ring of positive energy]

   Dex+5:     It affects your dexterity (+5).
   rN+:       It protects you from negative energy.
Wands
 h - a wand of mindburst (23)
 o - a wand of quicksilver (39)
 q - a wand of roots (37)
 z - a wand of digging (20)
 D - a wand of flame (84)
 E - a wand of polymorph (34)
 I - a wand of charming (36)
Scrolls
 b - 2 scrolls of summoning
 j - a scroll of silence
 p - 2 scrolls of revelation
 t - 35 scrolls of identify
 w - 12 scrolls of fog
 x - 7 scrolls of teleportation
 y - 7 scrolls of blinking
 H - 5 scrolls of enchant weapon
 M - 4 scrolls of fear
 R - a scroll of enchant armour
 S - 5 scrolls of vulnerability
Potions
 c - 10 potions of curing
 e - a potion of resistance
 l - 2 potions of mutation
 m - 7 potions of cancellation
 r - 4 potions of invisibility
 B - 14 potions of haste
 C - 7 potions of might
 G - 5 potions of ambrosia
 P - 7 potions of enlightenment
Miscellaneous
 a - a sack of spiders
 d - a condenser vane
 u - a lightning rod (4/4)
 K - a phantom mirror
 X - a phial of floods


   Skills:
 + Level 22.8 Fighting
 - Level 13.4(15.8) Axes
 - Level 13.7(16.0) Maces & Flails
 + Level 19.4 Throwing
 + Level 22.6 Armour
 + Level 21.0 Dodging
 + Level 18.0 Shields
 + Level 13.0 Evocations


You had 23 spell levels left.
You didn't know any spells.
Your spell library was empty.

Dungeon Overview and Level Annotations

Branches:
Dungeon (15/15)            Temple (1/1) D:4            Lair (5/5) D:10
 Shoals (4/4) Lair:2       Spider (4/4) Lair:3        Slime (0/5) Lair:4
    Orc (2/2) D:11            Elf (3/3) Orc:2        Vaults (0/5) D:13
 Depths (4/4) D:15            Zot (5/5) Depths:4      Sewer (visited)
 Bailey (visited)           IceCv (visited)         Gauntlet (visited)

Altars:
Ashenzari
Cheibriados
Dithmenos
Elyvilon
Fedhas
Gozag
Hepliaklqana
Kikubaaqudgha
Makhleb
Nemelex Xobeh
Okawaru
Qazlal
Ru
Sif Muna
Trog
Uskayaw
Vehumet
Wu Jian
Xom
Yredelemnul
Zin
The Shining One
Jiyva

Shops:
D:5 [(?   D:6 (   D:7 ?   Orc:1 (   Orc:2 :*?=:   Shoals:3 :   Depths:1 *
Depths:2 *

Portals:
Hell: Depths:1 Depths:2 Depths:3 Depths:4
Abyss: Depths:3
Pandemonium: Depths:1 Depths:2
Ziggurat: Depths:1

Annotations:
D:3 Ijyb
D:4 1 runed translucent door
D:9 2 transporters, Drangen's ghost, novice CoHu
Depths:4 1 runed translucent door
Zot:1 1 transporter
Zot:2 1 transporter, Leown's ghost, legendary KoDe
Zot:5 2 runed translucent doors, Macvoosm's ghost, legendary KoDe


Innate Abilities, Weirdness & Mutations

You have a pair of horns on your head.
You reflexively headbutt those who attack you in melee.
You are partially covered in iridescent scales. (AC +2)
You possess an exceptional clarity of mind.
You are clumsy. (Dex -2)
Armour fits poorly on your strangely shaped body.
Your body sometimes deteriorates upon taking damage.
You are frail. (-10% HP)


Message History

There is a stone staircase leading up here.
You climb upwards.
Level annotation: Ijyb
There is a stone staircase leading down here.
You open the door.
There is an open door here.
There is an open door here.
You see here a bat skeleton.
There is a stone staircase leading up here.
You climb upwards.
There is a stone staircase leading down here.
An Orb Guardian comes into view.
There is a stone staircase leading up here.
You climb upwards.
There is a stone staircase leading down here.
A demonspawn warmonger, a reaper and a demonspawn black sun come into view.
The demonspawn warmonger is wielding a +1 demon whip of electrocution and wearing a +0 plate armour of poison resistance.
The reaper is wielding a +0 vampiric scythe.
You can't go up here!
The demonspawn black sun shouts!
You skewer the reaper like a kebab!!! You headbutt the reaper!
The reaper is severely wounded.
You stick the reaper like a pincushion!!!
You kill the reaper!
Trog accepts your kill.
The demonspawn warmonger unwields a +1 demon whip of electrocution.
It stops crackling.
The demonspawn warmonger wields a +2 longbow of freezing.
It is covered in frost.
The demonspawn warmonger shoots an arrow.
You block the arrow.
The demonspawn black sun utters an invocation to Kikubaaqudgha.
The demonspawn warmonger begins absorbing vital energies!
The demonspawn black sun begins absorbing vital energies!
The demonspawn warmonger shoots an arrow.
The arrow hits you! The arrow freezes you.
An Orb Guardian comes into view.
The demonspawn warmonger calls upon its god to speed up something.
There is a staircase leading out of the dungeon here.
The Orb Guardian hits you but does no damage.
You have escaped!

#### #### ##### ...####
#..#######...# #### #.....#
#.........X..# #... ...##.#
#......##....# #...
...##.#####......##....# #...
.....÷÷..##.##...X6.##.# #...
#.##.###.##.##.####.##.### #...
..#..# #....##.X..#.#).6.#####...
###.###########.@.###...6.....>..
.......## #####...# #....#####...
....##..###...#######....# #.#'
....###.....#............# #÷#.
....# ##########...##....# #.#.
############# #...##....# #.##
#.......# ########### #.#
#.......# #.## ## #.......#
####.## .####.......# ###....##
............# #........


You could see an Orb Guardian.

Vanquished Creatures
  A dread lich (Zot:2)
  5 ancient liches
  5 orbs of fire
  A juggernaut (Depths:3)
  Boris (Depths:3)
  Josephina (Zot:2)
  6 Killer Klowns
  A curse toe (Zot:2)
  4 caustic shrikes (Depths:4)
  9 golden dragons
  Arachne (Spider:3)
  5 bone dragons
  An iron giant (Depths:3)
  2 electric golems (Zot:5)
  17 tentacled monstrosities
  2 Ice Fiends
  2 liches (Depths:4)
  A walking earthen tome (Depths:3)
  Rupert (Lair:4)
  3 deep elf blademasters
  26 Orb Guardians
  3 krakens
  A walking frostbound tome (Depths:2)
  4 quicksilver dragons
  A deep elf master archer (Elf:3)
  2 sphinxes (Depths:3)
  An ancient champion (Depths:2)
  2 tentacled starspawn (Abyss:3)
  2 tengu reavers (Depths:2)
  3 death cobs
  Agnes (Spider:3)
  11 storm dragons
  7 shadow dragons
  9 frost giants
  4 draconian monks
  6 draconian knights
  Donald (Shoals:3)
  9 draconian shifters
  4 deep elf sorcerers (Elf:3)
  6 fire giants
  The ghost of fly the Unseen, an adept KoDe of Uskayaw (Spider:1)
  3 emperor scorpions
  4 deep elf elementalists
  An ironbound preserver (D:13)
  7 draconian scorchers
  2 balrugs (Depths:2)
  4 draconian annihilators
  5 ghost moths
  3 draconian stormcallers
  An angel (Shoals:4)
  3 spriggan defenders
  A reaper (D:1)
  A cacodemon (Depths:1)
  16 very ugly things
  A broodmother (Spider:1)
  5 deep elf death magi
  7 green draconians
  2 vampire knights
  An ophan (Depths:1)
  An apis (Shoals:4)
  10 black draconians
  8 stone giants
  10 red draconians
  15 white draconians
  12 yellow draconians
  A dire elephant (Gauntlet)
  6 deep elf annihilators (Elf:3)
  8 deep elf demonologists
  14 purple draconians
  A minotaur (Gauntlet)
  10 spark wasps
  Snorg (D:13)
  7 ettins
  An entropy weaver (shapeshifter) (Abyss:3)
  7 fire dragons
  6 entropy weavers
  7 merfolk javelineers
  3 deep elf high priests (Elf:3)
  3 merfolk impalers
  4 hydras
  2 hell beasts
  3 rakshasas
  A great orb of eyes (Abyss:3)
  2 ironbound frosthearts (IceCv)
  6 merfolk aquamancers
  10 ice dragons
  4 centaur warriors
  8 boulder beetles
  4 spriggan air magi
  3 alligator snapping turtles (Shoals:4)
  3 radroaches
  19 dancing weapons
  3 merfolk avatars
  A satyr (Shoals:3)
  An orc high priest (Orc:2)
  13 death yaks
  2 vampire magi
  6 tengu warriors
  9 deep troll earth magi
  2 occultists
  5 spriggan berserkers
  5 two-headed ogres
  8 demonic crawlers
  4 thrashing horrors
  12 deep troll shamans
  2 sun demons (Depths:2)
  10 hell knights
  A holy swine (Shoals:4)
  12 deep elf knights
  Nergalle (D:11)
  15 iron trolls
  A skyshark (Shoals:2)
  2 cherubim (Shoals:4)
  6 pharaoh ants
  A shadow wraith (Abyss:3)
  5 skeletal warriors (D:15)
  6 deep elf archers
  2 goliath frogs (Lair:5)
  22 deep trolls
  A shadow demon (Zot:5)
  12 sea snakes
  4 orb spiders
  4 glowing orange brains
  6 thermic dynamos
  A shadow dragon zombie (Depths:2)
  A lindwurm (Lair:2)
  6 orc knights
  5 necromancers
  10 harpies
  9 steelbarb worms
  23 deep elf pyromancers
  An orc sorcerer (Elf:3)
  16 deep elf zephyrmancers
  22 ugly things
  A salamander (Depths:2)
  14 wolf spiders
  2 shining eyes (Depths:1)
  15 manticores
  19 moths of wrath
  7 cyclopes
  3 large abominations
  9 fauns
  A toenail golem (D:13)
  2 meliai (Spider:4)
  A dire elephant zombie (Abyss:3)
  A worldbinder (Gauntlet)
  An apocalypse crab (Abyss:3)
  7 elephants
  5 kobold blastminers
  5 smoke demons
  An ice statue (IceCv)
  5 eyes of devastation (Depths:1)
  2 black mambas
  5 merfolk sirens
  5 gargoyles
  8 water nymphs
  4 torpor snails
  2 kobold demonologists (D:12)
  17 cane toads
  8 rime drakes
  A tormentor (D:5)
  A spark wasp simulacrum (Depths:2)
  2 unseen horrors (D:13)
  2 freezing wraiths
  6 komodo dragons
  3 tengu conjurers
  An ancient zyme (Abyss:3)
  12 polar bears (IceCv)
  15 merfolk
  The ghost of Shaidar the Chopper, an amateur MiBe of Trog (D:4)
  3 tyrant leeches (Lair:5)
  A queen bee (Gauntlet)
  A shadow dragon simulacrum (Depths:2)
  5 wind drakes
  4 trolls
  17 jumping spiders
  A glass eye (Depths:1)
  6 hornets
  12 tarantellas
  A raiju (shapeshifter) (D:13)
  8 dream sheep
  28 blink frogs
  A raiju (Abyss:3)
  7 snapping turtles
  A draconian simulacrum (Zot:2)
  4 shadows
  Sigmund (D:4)
  8 culicivoras
  52 yaks
  2 ynoxinuls
  10 spriggans
  A wraith (D:12)
  A vampire (Abyss:3)
  3 wyverns
  6 slime creatures
  A fire bat (Abyss:3)
  10 water elementals
  2 fire elementals
  A golden eye (Depths:1)
  40 redbacks
  3 basilisks
  4 wargs
  7 steam dragons
  4 neqoxecs (Abyss:3)
  9 vampire mosquitoes
  A chaos spawn (Abyss:3)
  Edmund (D:4)
  4 acid dragons
  12 water moccasins
  2 ice beasts
  24 orc warriors
  3 black bears
  4 ogres
  2 boggarts (Gauntlet)
  34 wolves
  12 centaurs
  10 starcursed masses (Abyss:3)
  A weeping skull (D:9)
  13 bullfrogs
  A brain worm (Abyss:3)
  2 kobold brigands
  11 scorpions
  A small abomination (Abyss:3)
  2 earth elementals
  A water moccasin zombie (D:6)
  10 wights
  A water moccasin skeleton (D:6)
  7 killer bees
  8 electric eels
  11 howler monkeys
  A centaur zombie (D:6)
  2 bullfrog zombies (D:6)
  A hound (D:4)
  3 gnoll boudas
  A human zombie (D:6)
  17 orc priests
  2 bullfrog skeletons (D:6)
  4 iguanas
  16 orc wizards
  A hell rat (Sewer)
  2 killer bee zombies (D:6)
  Robin (D:4)
  6 adders
  15 gnolls
  3 river rats
  3 white imps
  3 dart slugs
  A ribbon worm (D:3)
  71 orcs
  12 ball pythons
  5 endoplasms
  6 giant cockroaches
  16 goblins
  10 hobgoblins
  5 jackals
  16 kobolds
  10 quokkas
  5 bats
  4 frilled lizards
  8 rats
  A spectral orc (D:9)
  6 starspawn tentacles (Abyss:3)
  6 tentacles
1618 creatures vanquished.

Vanquished Creatures (collateral kills)
  A sphinx (Depths:4)
  2 draconian shifters
  An emperor scorpion (Spider:4)
  A very ugly thing (Depths:4)
  3 white draconians
  A yellow draconian (Zot:5)
  A merfolk javelineer (Shoals:4)
  5 merfolk impalers (Shoals:4)
  A fire dragon (Depths:3)
  An ice dragon (Depths:4)
  A merfolk avatar (Shoals:3)
  A merfolk aquamancer (Shoals:4)
  A radroach (Spider:4)
  2 jorogumos
  An alligator snapping turtle (Shoals:4)
  2 demonic crawlers
  2 sea snakes (Shoals:4)
  An orb spider (Spider:1)
  A large abomination (Abyss:3)
  A deep troll (Depths:1)
  A steelbarb worm (Spider:4)
  A lindwurm (Lair:2)
  A wolf spider (Spider:2)
  2 cyclopes (Shoals:3)
  2 manticores (Shoals:4)
  A kobold blastminer (Orc:2)
  A moth of wrath (Zot:1)
  An apocalypse crab (Abyss:3)
  A torpor snail (Spider:4)
  2 tarantellas (Spider:2)
  A merfolk (Shoals:4)
  6 dream sheep (Shoals:3)
  A water elemental (Depths:3)
  A warg (Orc:2)
  3 orc warriors (Orc:2)
  An ogre (Orc:2)
  A centaur (Orc:2)
  A starcursed mass (Abyss:3)
  An orc wizard (Orc:2)
  3 orcs (Orc:2)
  A starspawn tentacle (Abyss:3)
  3 tentacles (Shoals:3)
66 creatures vanquished.

Vanquished Creatures (others)
  2 deep elf knights
  A sea snake (Shoals:3)
  2 deep elf zephyrmancers
  A draconian simulacrum (Zot:2)
  2 yaks (IceCv)
  2 golden eyes (Depths:1)
  A black draconian simulacrum (Zot:2)
  A moth of wrath simulacrum (Zot:2)
  3 starspawn tentacles (Abyss:3)
  18 tentacles
33 creatures vanquished.

Grand Total: 1717 creatures vanquished

Notes
Turn   | Place    | Note
-------+----------+-------------------------------------------
     0 | D:1      | rossyrg the Minotaur Berserker began the quest for the Orb.
     0 | D:1      | Reached XP level 1. HP: 19/19 MP: 0/0
    39 | D:1      | Reached XP level 2. HP: 11/27 MP: 1/1
   376 | D:1      | Reached XP level 3. HP: 33/33 MP: 2/2
   399 | D:1      | Reached ** piety under Trog
  1088 | D:3      | Found a sparkling altar of Nemelex Xobeh.
  1100 | D:3      | Found a shimmering altar of Xom.
  1189 | D:3      | Noticed a scorpion
  1191 | D:3      | Reached XP level 4. HP: 39/40 MP: 3/3
  1196 | D:3      | Killed a scorpion
  1340 | D:3      | Found a broken altar of Ashenzari.
  1341 | D:3      | Found an iron altar of Okawaru.
  1341 | D:3      | Found a hazy altar of Hepliaklqana.
  1342 | D:3      | Found a bloodstained altar of Trog.
  1343 | D:3      | Found a shimmering blue altar of Sif Muna.
  1471 | D:3      | Found an ornate altar of the Wu Jian Council.
  1473 | D:3      | Noticed Ijyb
  1894 | D:4      | Found a staircase to the Ecumenical Temple.
  1897 | D:4      | Reached XP level 5. HP: 47/47 MP: 4/4
  1959 | D:4      | Found a snail-covered altar of Cheibriados.
  2098 | D:4      | Found a runed translucent door.
  2100 | D:4      | Noticed Shaidar's ghost (amateur MiBe)
  2113 | D:4      | Killed Shaidar's ghost
  2114 | D:4      | Reached skill level 5 in Fighting
  2114 | D:4      | Reached skill level 5 in Maces & Flails
  2114 | D:4      | Reached XP level 6. HP: 56/56 MP: 5/5
  2118 | D:4      | Found a runed translucent door.
  2373 | D:4      | Noticed Sigmund
  2376 | D:4      | Reached skill level 5 in Armour
  2376 | D:4      | Reached XP level 7. HP: 62/62 MP: 6/6
  2382 | D:4      | Killed Sigmund
  2396 | D:4      | Noticed Edmund
  2416 | D:4      | Killed Edmund
  2417 | D:4      | Reached skill level 5 in Dodging
  2596 | D:4      | Reached *** piety under Trog
  2606 | D:4      | Noticed Robin
  2616 | D:4      | Killed Robin
  2787 | D:5      | Entered Level 5 of the Dungeon
  2790 | D:5      | Found Wekil's Armour Boutique.
  2853 | D:5      | Noticed a +0 bardiche
  2855 | D:5      | Found Moinle's Weapon Emporium.
  2857 | D:5      | Noticed a +0 giant spiked club
  3003 | D:5      | Reached XP level 8. HP: 68/71 MP: 7/7
  3006 | D:5      | Found a glowing drain.
  3010 | Sewer    | Entered a sewer
  3581 | D:5      | Found Palan's Magic Scroll Shoppe.
  3926 | D:5      | Identified a scroll of acquirement
  3926 | D:5      | Acquired the amulet of Wiunuade {Spirit Regen+ rCorr
                  | Slay+2}
  4016 | D:6      | Found Alexerong's Weapon Shop.
  4082 | D:6      | Found a blossoming altar of Fedhas.
  4224 | D:5      | Bought a +0 battleaxe of flaming for 150 gold pieces
  4257 | D:5      | Reached skill level 1 in Axes
  4375 | D:6      | Found a sacrificial altar of Ru.
  4486 | D:6      | Identified the +3 ring mail of Ikici {Str+4 Int+2 Dex+3
                  | Stlth+}
  4543 | D:6      | Reached XP level 9. HP: 56/78 MP: 3/8
  4953 | D:6      | Reached **** piety under Trog
  4977 | D:6      | Found an ancient bone altar of Kikubaaqudgha.
  5352 | D:7      | Found Derin's Magic Scroll Shop.
  5377 | D:7      | Bought a scroll of fear for 44 gold pieces
  6064 | D:8      | Found a flagged portal.
  6086 | Bailey   | Entered a bailey
  6102 | Bailey   | Reached skill level 5 in Axes
  6176 | Bailey   | Noticed a two-headed ogre
  6178 | Bailey   | Reached XP level 10. HP: 91/91 MP: 7/9
  6178 | Bailey   | Identified the +1 scimitar of Siteikh {elec, Dex+4}
  6186 | Bailey   | Killed a two-headed ogre
  6508 | D:8      | Reached skill level 10 in Fighting
  7279 | D:9      | Reached skill level 10 in Armour
  7397 | D:9      | Noticed Drangen's ghost (novice CoHu)
  7398 | D:9      | Noticed a four-headed hydra
  7402 | D:9      | Found a transporter.
  7412 | D:9      | Found a transporter.
  7412 | D:9      | Noticed a two-headed ogre
  7451 | D:9      | Noticed a two-headed ogre
  7458 | D:9      | Killed a two-headed ogre
  7506 | D:9      | Found a burning altar of Makhleb.
  7547 | D:9      | Found a basalt altar of Yredelemnul.
  7666 | D:9      | Found a glowing golden altar of the Shining One.
  7697 | D:10     | Entered Level 10 of the Dungeon
  7720 | D:10     | Reached ***** piety under Trog
  8010 | D:10     | Reached XP level 11. HP: 87/101 MP: 8/10
  8033 | D:10     | Reached skill level 10 in Dodging
  8117 | D:10     | Found a staircase to the Lair.
  8538 | Lair:1   | Entered Level 1 of the Lair of Beasts
  8728 | Lair:1   | Received a gift from Trog
  9134 | D:5      | Bought a +1 cloak of poison resistance for 189 gold pieces
  9180 | Temple   | Entered the Ecumenical Temple
  9830 | Lair:2   | Noticed a seven-headed hydra
  9835 | Lair:2   | Killed a five-headed hydra
  9956 | Lair:2   | Noticed a lindwurm
  9959 | Lair:2   | Noticed a lindwurm
  9968 | Lair:2   | Killed a lindwurm
  9969 | Lair:2   | Killed a lindwurm
 10039 | Lair:2   | Reached XP level 12. HP: 105/112 MP: 9/11
 10104 | Lair:2   | Reached skill level 10 in Axes
 10253 | Lair:2   | Found a staircase to the Shoals.
 10278 | Lair:2   | You fall into a shaft and drop 1 floor!
 10291 | Lair:3   | Found a gate leading to a gauntlet.
 10306 | Gauntlet | Entered a Gauntlet
 10306 | Gauntlet | Found a transporter.
 10306 | Gauntlet | Found a transporter.
 10306 | Gauntlet | Found a transporter.
 10307 | Gauntlet | Found a transporter.
 10307 | Gauntlet | Noticed a death scarab
 10308 | Gauntlet | Found a transporter.
 10311 | Gauntlet | Found a transporter.
 10339 | Gauntlet | Found a transporter.
 10339 | Gauntlet | Found a transporter.
 10342 | Gauntlet | Noticed a dire elephant
 10347 | Gauntlet | Found a transporter.
 10365 | Gauntlet | Found a transporter.
 10370 | Gauntlet | Found a transporter.
 10375 | Gauntlet | Found a transporter.
 10616 | Gauntlet | Killed a dire elephant
 10625 | Gauntlet | Identified the +2 cloak of Monotheism {rF+ Str-5 Slay+3}
 10660 | Gauntlet | Identified the staff "Ferarev" {rPois rC- Str+8 Dex+4
                  | Stlth+ Alchemy}
 10660 | Gauntlet | Identified the ring "Vicud" {rN+ Dex+5}
 10660 | Gauntlet | Noticed a minotaur
 10666 | Gauntlet | Killed a minotaur
 11067 | Lair:3   | Noticed a boulder beetle
 11068 | Lair:3   | Found a hole to the Spider Nest.
 11093 | Lair:3   | Killed a boulder beetle
 11094 | Lair:3   | Reached XP level 13. HP: 69/123 MP: 5/12
 11772 | Lair:4   | Noticed Rupert
 11799 | Lair:4   | Killed Rupert
 12122 | Lair:4   | Found a viscous altar of Jiyva.
 12122 | Lair:4   | Found a staircase to the Slime Pits.
 12561 | Lair:5   | Entered Level 5 of the Lair of Beasts
 12904 | Lair:5   | Reached skill level 15 in Fighting
 13071 | Lair:5   | Reached XP level 14. HP: 135/135 MP: 13/13
 13280 | Lair:5   | Received a gift from Trog
 13827 | D:7      | Bought a scroll of acquirement for 572 gold pieces
 13827 | D:7      | Bought a scroll of identify for 22 gold pieces
 13827 | D:7      | Bought a scroll of vulnerability for 44 gold pieces
 13827 | D:7      | Acquired the +12 eveningstar of Ureec {drain, rPois}
 14385 | D:11     | Reached skill level 15 in Armour
 14635 | D:11     | Noticed Nergalle
 14644 | D:11     | Killed Nergalle
 14679 | D:11     | Identified the +0 plate armour of the Zebra {Int+5}
 14849 | D:11     | Found a staircase to the Orcish Mines.
 15070 | D:11     | Found a bloodstained altar of Trog.
 15290 | Orc:1    | Entered Level 1 of the Orcish Mines
 15386 | Orc:1    | Received a gift from Trog
 15452 | Orc:1    | Found a burning altar of Makhleb.
 15490 | Orc:1    | Found Hanubaz's Antique Weapon Boutique.
 15635 | Orc:2    | Entered Level 2 of the Orcish Mines
 15682 | Orc:2    | Found Evvo's Book Shop.
 15975 | Orc:2    | Found Meiluesch's Jewellery Shop.
 15975 | Orc:2    | Found Ujis's Magic Scroll Emporium.
 15978 | Orc:2    | Found Irruot's Assorted Antiques.
 15980 | Orc:2    | Found Vynn's Book Boutique.
 15989 | Orc:2    | Bought a cyan potion for 25 gold pieces
 15998 | Orc:2    | Bought a potion of heal wounds for 140 gold pieces
 15998 | Orc:2    | Bought a potion of heal wounds for 140 gold pieces
 16006 | Orc:2    | Bought a scroll of blinking for 112 gold pieces
 16006 | Orc:2    | Bought a scroll of blinking for 112 gold pieces
 16006 | Orc:2    | Bought a scroll of teleportation for 45 gold pieces
 16006 | Orc:2    | Bought a scroll of fog for 60 gold pieces
 16006 | Orc:2    | Bought a scroll of teleportation for 45 gold pieces
 16140 | Orc:2    | Found a staircase to the Elven Halls.
 16148 | Orc:2    | Received a gift from Trog
 16776 | Spider:1 | Entered Level 1 of the Spider Nest
 16864 | Spider:1 | Noticed a broodmother
 16878 | Spider:1 | Killed a broodmother
 17177 | Spider:1 | Reached skill level 10 in Maces & Flails
 17758 | Spider:1 | Found a runed translucent gate.
 17760 | Spider:1 | Found a runed translucent gate.
 17761 | Spider:1 | Found a runed translucent gate.
 17764 | Spider:1 | Noticed fly's ghost (adept KoDe)
 17771 | Spider:1 | Killed fly's ghost
 17776 | Spider:1 | Identified the staff of Kikubaaqudgha's Favour {rF- Str+2
                  | Dex+5 Ice Earth}
 18241 | Spider:1 | Reached XP level 15. HP: 79/143 MP: 7/14
 18428 | Spider:2 | Identified the +7 dire flail "Fiwkygof" {heavy, rPois SInv
                  | Stlth+} (Trog gifted it to you on level 2 of the Spider
                  | Nest)
 18428 | Spider:2 | Received a gift from Trog
 18926 | Spider:2 | Paralysed by a jorogumo for 3 turns
 18989 | Spider:2 | You fall into a shaft and drop 1 floor!
 18993 | Spider:3 | Reached skill level 1 in Throwing
 18998 | Spider:3 | Reached skill level 1 in Evocations
 19000 | Spider:4 | Entered Level 4 of the Spider Nest
 19176 | Spider:4 | Noticed an emperor scorpion
 19184 | Spider:4 | Killed an emperor scorpion
 19480 | Spider:4 | Identified the +1 hat of the Onion {rElec Int+3}
 19622 | Spider:4 | Noticed an emperor scorpion
 19625 | Spider:4 | Killed an emperor scorpion
 19626 | Spider:4 | Reached skill level 15 in Dodging
 19644 | Spider:4 | Noticed an emperor scorpion
 19702 | Spider:4 | Killed an emperor scorpion
 20130 | Spider:4 | Got a gossamer rune of Zot
 20312 | Spider:3 | Noticed Agnes
 20318 | Abyss:2  | Cast into level 2 of the Abyss (Agnes)
 20438 | Spider:3 | Escaped the Abyss
 20444 | Spider:3 | Killed Agnes
 20454 | Spider:3 | Reached XP level 16. HP: 68/152 MP: 5/15
 20629 | Spider:3 | Found the +9 scales of the Dragon King {rPois rF+ rC+
                  | Will+}
 20703 | Spider:3 | Noticed Arachne
 20714 | Spider:3 | Killed Arachne
 20723 | Spider:3 | Reached skill level 5 in Throwing
 20935 | Spider:3 | Reached skill level 5 in Evocations
 21532 | Shoals:1 | Entered Level 1 of the Shoals
 21701 | Shoals:1 | Noticed a kraken
 21714 | Shoals:1 | Killed a kraken
 21856 | Shoals:1 | Reached ****** piety under Trog
 21864 | Shoals:1 | Found the +2 hood of the Assassin {Detect Stab+ Stlth++}
 21944 | Shoals:1 | Received a gift from Trog
 23514 | Shoals:3 | Noticed Donald
 23516 | Shoals:3 | Killed Donald
 23624 | Shoals:3 | Reached skill level 1 in Shields
 23703 | Shoals:3 | Noticed a kraken
 23728 | Shoals:3 | Killed a kraken
 23969 | Shoals:3 | Reached XP level 17. HP: 115/161 MP: 13/16
 23989 | Shoals:3 | Reached skill level 5 in Shields
 23991 | Shoals:3 | Reached skill level 10 in Throwing
 24048 | Shoals:3 | Identified the +1 robe of the King of the Hill {Fly}
 24232 | Shoals:3 | Acquired a +0 tower shield of protection
 24444 | Shoals:3 | Found Tithaxoh's Book Shop.
 24546 | Shoals:4 | Entered Level 4 of the Shoals
 24611 | Shoals:4 | Found a white marble altar of Elyvilon.
 24611 | Shoals:4 | Identified the +1 buckler of the Cockroach {rElec}
 24656 | Shoals:4 | Identified the +9 dire flail of the Endless Expanse {flame,
                  | Str+2 SInv Stlth+} (Trog gifted it to you on level 4 of the
                  | Shoals)
 24656 | Shoals:4 | Received a gift from Trog
 24682 | Shoals:4 | Acquired a manual of Axes
 24720 | Shoals:4 | Identified the amulet "Wuweloemn" {Reflect ^Contam rPois
                  | rC+ Regen+ SH+5}
 24783 | Shoals:4 | Noticed a kraken
 24815 | Shoals:4 | Killed a kraken
 25005 | Shoals:4 | Found a glowing silver altar of Zin.
 25046 | Shoals:4 | Got a barnacled rune of Zot
 25283 | Shoals:4 | Found a glowing golden altar of the Shining One.
 25344 | Shoals:4 | Identified the +1 scale mail of Jeulaewym {Str+3}
 25893 | Elf:1    | Entered Level 1 of the Elven Halls
 26094 | D:12     | Received a gift from Trog
 26522 | D:12     | Found a shadowy altar of Dithmenos.
 26728 | D:13     | Found a gate to the Vaults.
 26762 | D:13     | Found a frozen archway.
 26774 | IceCv    | Entered an ice cave
 26925 | IceCv    | Reached skill level 10 in Shields
 27180 | IceCv    | Received a gift from Trog
 27429 | D:13     | Reached XP level 18. HP: 169/171 MP: 15/17
 27436 | D:13     | Noticed Snorg
 27444 | D:13     | Killed Snorg
 29005 | D:15     | Entered Level 15 of the Dungeon
 29303 | D:15     | Found a staircase to the Depths.
 29821 | Depths:1 | Entered Level 1 of the Depths
 29875 | Depths:1 | Found a gateway to Hell.
 29923 | Depths:1 | Found Fomi's Elemental Accessories.
 30225 | Depths:1 | Found a one-way gateway to a ziggurat.
 30707 | Depths:1 | Identified the +7 spear of Oxzil {freeze, Will+ Int+5}
 30708 | Depths:1 | Identified the amulet "Pios" {Spirit rC++}
 30839 | Depths:1 | Found a shimmering blue altar of Sif Muna.
 30942 | Depths:1 | Found a one-way gate leading to the halls of Pandemonium.
 30951 | Depths:1 | Received a gift from Trog
 31107 | Depths:2 | Identified the +9 orcbow of Proximity {flame, Will- Str-3
                  | Int+3 Dex+5}
 31199 | Depths:2 | Found Wifohudgh's Clear Minds Boutique.
 31325 | Depths:2 | Bought the +2 pair of gloves of Temperance {Str+4 Int+3
                  | Clar} for 903 gold pieces
 31567 | Depths:2 | Reached XP level 19. HP: 135/180 MP: 12/18
 31702 | Depths:2 | Received a gift from Trog
 32027 | Depths:2 | Noticed a bone dragon
 32044 | Depths:2 | Killed a bone dragon
 33045 | Depths:3 | Identified the +12 battleaxe "Adenwuin" {flame, rCorr}
                  | (Trog gifted it to you on level 3 of the Depths)
 33045 | Depths:3 | Received a gift from Trog
 33092 | Depths:3 | Identified the +2 robe of the Quick Dropbear {+Inv rElec}
 33092 | Depths:3 | Noticed Boris
 33112 | Depths:3 | Killed Boris
 33362 | Depths:3 | Found a one-way gate to the infinite horrors of the Abyss.
 33431 | Depths:3 | Noticed an iron giant
 33431 | Depths:3 | Found the +6 shillelagh "Devastator" {shatter}
 33432 | Depths:3 | Noticed a juggernaut
 33440 | Depths:3 | Killed a juggernaut
 33460 | Depths:3 | Reached XP level 20. HP: 96/191 MP: 9/19
 33603 | Depths:3 | Found an opulent altar of Gozag.
 33668 | Depths:4 | Entered Level 4 of the Depths
 33703 | Depths:4 | Noticed a caustic shrike
 33703 | Depths:4 | Noticed a caustic shrike
 33703 | Depths:4 | Noticed a caustic shrike
 33704 | Depths:4 | Noticed a caustic shrike
 33717 | Depths:4 | Killed a caustic shrike
 33720 | Depths:4 | Killed a caustic shrike
 33722 | Depths:4 | Killed a caustic shrike
 33722 | Depths:4 | Received a gift from Trog
 33727 | Depths:4 | Killed a caustic shrike
 33887 | Depths:4 | Noticed a bone dragon
 33910 | Depths:4 | Killed a bone dragon
 34038 | Depths:4 | Found a runed translucent door.
 34039 | Depths:4 | Found a runed translucent door.
 34039 | Depths:4 | Found a runed translucent door.
 34058 | Depths:4 | Found a runed translucent door.
 34058 | Depths:4 | Found a gate to the Realm of Zot.
 34102 | Depths:4 | Noticed a bone dragon
 34118 | Depths:4 | Killed a bone dragon
 34128 | Depths:4 | Found a runed translucent door.
 34248 | Depths:4 | Found a runed translucent door.
 34341 | Depths:4 | Noticed a golden dragon
 34349 | Depths:4 | Killed a golden dragon
 34577 | Depths:4 | Noticed a golden dragon
 34587 | Depths:4 | Noticed a golden dragon
 34594 | Depths:4 | Killed a golden dragon
 34598 | Depths:4 | Killed a golden dragon
 34747 | Depths:4 | Identified the +1 pair of boots of Ciczus {rN+}
 34952 | Depths:4 | Received a gift from Trog
 35605 | Elf:1    | Acquired the ring of Lilacs {rF+ rC+ rN+}
 35610 | Elf:1    | Acquired 881 gold pieces
 35669 | Elf:1    | Reached skill level 15 in Throwing
 35751 | Abyss:3  | Cast into level 3 of the Abyss (a ghostly deep elf
                  | demonologist)
 35793 | Abyss:3  | Found a corrupted altar of Lugonu.
 35836 | Abyss:3  | Found a corrupted altar of Lugonu.
 35862 | Abyss:3  | Noticed a bone dragon
 35879 | Abyss:3  | Killed a bone dragon
 35935 | Abyss:3  | Found a corrupted altar of Lugonu.
 35950 | Abyss:3  | Reached XP level 21. HP: 199/201 MP: 20/20
 35965 | Abyss:3  | Found a corrupted altar of Lugonu.
 36010 | Abyss:3  | Gained mutation: Your spells are a little easier to cast,
                  | but a little less powerful. [a neqoxec]
 36033 | Abyss:3  | Received a gift from Trog
 36038 | Abyss:3  | Noticed an ancient lich
 36064 | Abyss:3  | Paralysed by accursed screaming for 1 turns
 36065 | Abyss:3  | HP: 7/202 [hellephant[an orange crystal statue] (9)]
 36069 | Abyss:3  | Paralysed by accursed screaming for 1 turns
 36077 | Abyss:3  | Got an abyssal rune of Zot
 36160 | Elf:1    | Escaped the Abyss
 36165 | Elf:1    | Reached skill level 10 in Evocations
 36860 | Elf:2    | Received a gift from Trog
 36952 | Elf:2    | Found a runed translucent gate.
 36952 | Elf:2    | Found a runed translucent gate.
 36952 | Elf:2    | Found a runed translucent gate.
 37146 | Elf:2    | Found the +4 Cigotuvi's embrace {Corpsefed rMiasma ^Drain
                  | rN+}
 37282 | Elf:2    | Reached skill level 15 in Shields
 37679 | Elf:3    | Entered Level 3 of the Elven Halls
 38060 | Elf:3    | Identified the +6 morningstar "Figoe" {holy, rPois rN+
                  | Str+2 Dex+2}
 38429 | Elf:3    | Identified the +5 war axe "Golu" {flame, +Blink rPois
                  | Dex+3}
 38430 | Elf:3    | Identified the +8 dagger of Dibruis {drain, *Noise rF+ rC+
                  | Will+}
 38444 | Elf:3    | Received a gift from Trog
 38493 | Elf:3    | Identified the staff of Wyrd {Int+2 Conj}
 38496 | Elf:3    | Identified the +10 plate armour "Vuotwoq" {rN++ Regen+ MP-9
                  | Dex-4}
 38528 | Elf:3    | Identified the +1 leather armour of Duty {Dex+4}
 38589 | Elf:3    | Identified the staff of Kikubaaqudgha's Scorn {*Slow rN+
                  | rCorr Hexes Earth}
 38641 | Elf:3    | Identified the staff of Untimely Demise {rElec rC+ Ice}
 38939 | Elf:3    | Acquired a manual of Throwing
 39377 | Zot:1    | Entered Level 1 of the Realm of Zot
 39409 | Zot:2    | Found a bloodstained altar of Trog.
 39409 | Zot:2    | Identified the +0 cloak of Keudd {rElec rF- Regen+ Dex+2}
 39410 | Zot:2    | Noticed Leown's ghost (legendary KoDe)
 39413 | Zot:2    | Identified the +4 cloak of Cotehuk {rC+ Will+ SInv}
 39426 | Zot:2    | Found a transporter.
 39427 | Zot:2    | Identified the ring of Wipriuh {Ice Str+2 Int+4}
 39427 | Zot:2    | Noticed Josephina
 39429 | Zot:2    | Found a transporter.
 39442 | Zot:2    | Killed Josephina
 40013 | Zot:2    | Reached XP level 22. HP: 204/213 MP: 0/21
 40267 | Zot:2    | Found a huge runed translucent gate.
 40267 | Zot:2    | Found a huge runed translucent gate.
 40267 | Zot:2    | Found a huge runed translucent gate.
 40280 | Zot:2    | Found a huge runed translucent gate.
 40280 | Zot:2    | Found a huge runed translucent gate.
 40280 | Zot:2    | Found a huge runed translucent gate.
 40281 | Zot:2    | Found a huge runed translucent gate.
 40281 | Zot:2    | Found a huge runed translucent gate.
 40281 | Zot:2    | Found a huge runed translucent gate.
 40282 | Zot:2    | Found a huge runed translucent gate.
 40282 | Zot:2    | Found a huge runed translucent gate.
 40282 | Zot:2    | Found a huge runed translucent gate.
 40282 | Zot:2    | Found a huge runed translucent gate.
 40286 | Zot:2    | Found a huge runed translucent gate.
 40287 | Zot:2    | Found a huge runed translucent gate.
 40288 | Zot:2    | Found a huge runed translucent gate.
 40288 | Zot:2    | Found a huge runed translucent gate.
 40290 | Zot:2    | Found a huge runed translucent gate.
 40291 | Zot:2    | Found a huge runed translucent gate.
 40292 | Zot:2    | Found a huge runed translucent gate.
 40293 | Zot:2    | Found a huge runed translucent gate.
 40293 | Zot:2    | Found a huge runed translucent gate.
 40297 | Zot:2    | Found a huge runed translucent gate.
 40298 | Zot:2    | Found a huge runed translucent gate.
 40299 | Zot:2    | Found a huge runed translucent gate.
 40299 | Zot:2    | Found a huge runed translucent gate.
 40321 | Zot:2    | Found a huge runed translucent gate.
 40322 | Zot:2    | Found a huge runed translucent gate.
 40322 | Zot:2    | Found a huge runed translucent gate.
 40322 | Zot:2    | Found a huge runed translucent gate.
 40323 | Zot:2    | Found a huge runed translucent gate.
 40323 | Zot:2    | Found a huge runed translucent gate.
 40323 | Zot:2    | Found a huge runed translucent gate.
 40323 | Zot:2    | Found a huge runed translucent gate.
 40324 | Zot:2    | Found a huge runed translucent gate.
 40328 | Zot:2    | Found a huge runed translucent gate.
 41005 | Zot:2    | Noticed an ancient lich
 41005 | Zot:2    | Noticed a golden dragon
 41005 | Zot:2    | Noticed a dread lich
 41005 | Zot:2    | Noticed a Killer Klown
 41005 | Zot:2    | Noticed a curse toe
 41005 | Zot:2    | Noticed a golden dragon
 41005 | Zot:2    | Noticed an orb of fire
 41005 | Zot:2    | Noticed an ancient lich
 41005 | Zot:2    | Noticed an ancient lich
 41006 | Zot:2    | Noticed an orb of fire
 41013 | Zot:2    | Gained mutation: You are clumsy. (Dex -2) [an orb of fire]
 41013 | Zot:2    | Gained mutation: Your magical capacity is low. (-10% MP)
                  | [an orb of fire]
 41019 | Zot:2    | Gained mutation: Your body sometimes deteriorates upon
                  | taking damage. [an orb of fire]
 41021 | Zot:2    | Gained mutation: You occasionally shout uncontrollably at
                  | your foes. [an orb of fire]
 41035 | Zot:2    | Gained mutation: Your spells are easier to cast, but less
                  | powerful. [an orb of fire]
 41037 | Zot:2    | Killed an orb of fire
 41052 | Zot:2    | Gained mutation: You sometimes lose your temper in combat.
                  | [an orb of fire]
 41056 | Zot:2    | Killed an orb of fire
 41061 | Zot:2    | Killed an ancient lich
 41067 | Zot:2    | Killed an ancient lich
 41073 | Zot:2    | Killed an ancient lich
 41082 | Zot:2    | Killed a dread lich
 41098 | Zot:2    | Killed a Killer Klown
 41111 | Zot:2    | Received a gift from Trog
 41114 | Zot:2    | Killed a golden dragon
 41127 | Zot:2    | Killed a curse toe
 41136 | Zot:2    | Killed a golden dragon
 41485 | Zot:1    | Reached XP level 23. HP: 221/221 MP: 19/19
 41486 | Zot:1    | Found a transporter.
 41784 | Zot:1    | Found a transporter.
 41786 | Zot:1    | Found the +3 hat of Pondering {ponderous, Will+ MP+10
                  | Int+5}
 41848 | Zot:1    | Noticed an ancient lich
 41851 | Zot:1    | Noticed an orb of fire
 41851 | Zot:1    | Noticed a curse toe
 41859 | Zot:1    | You fall into a shaft and drop 1 floor!
 42180 | Zot:2    | Lost mutation: Your body sometimes deteriorates upon taking
                  | damage. [potion of mutation]
 42180 | Zot:2    | Lost mutation: Your magical capacity is low. (-10% MP)
                  | [potion of mutation]
 42181 | Zot:2    | Lost mutation: You occasionally shout uncontrollably at
                  | your foes. [potion of mutation]
 42181 | Zot:2    | Lost mutation: You sometimes lose your temper in combat.
                  | [potion of mutation]
 42181 | Zot:2    | Lost mutation: You are clumsy. (Dex -2) [potion of
                  | mutation]
 42181 | Zot:2    | Gained mutation: You are somewhat resistant to further
                  | mutation. [potion of mutation]
 42181 | Zot:2    | Gained mutation: You are partially covered in iridescent
                  | scales. (AC +2) [potion of mutation]
 42349 | Zot:3    | Noticed a Killer Klown
 42375 | Zot:3    | Killed a Killer Klown
 42693 | Zot:4    | Received a gift from Trog
 43770 | Zot:4    | Reached XP level 24. HP: 204/231 MP: 20/22
 44210 | Zot:5    | Entered Level 5 of the Realm of Zot
 44612 | Zot:5    | Noticed a Killer Klown
 44624 | Zot:5    | Received a gift from Trog
 44638 | Zot:5    | Killed a Killer Klown
 45273 | D:5      | Bought a scroll of summoning for 123 gold pieces
 45273 | D:5      | Bought a scroll of teleportation for 39 gold pieces
 45273 | D:5      | Bought a scroll of fog for 52 gold pieces
 45273 | D:5      | Bought a scroll of blinking for 97 gold pieces
 45273 | D:5      | Bought 3 scrolls of blinking for 292 gold pieces
 45898 | Zot:2    | Acquired a manual of Throwing
 46265 | Zot:5    | Found a large runed translucent door.
 46266 | Zot:5    | Found a large runed translucent door.
 46268 | Zot:5    | Noticed Macvoosm's ghost (legendary KoDe)
 46402 | Zot:5    | Noticed an ancient lich
 46435 | Zot:5    | Killed an ancient lich
 46690 | Zot:5    | Noticed an orb of fire
 46690 | Zot:5    | Noticed a Killer Klown
 46694 | Zot:5    | Noticed a Killer Klown
 46705 | Zot:5    | Killed an orb of fire
 46728 | Zot:5    | Killed a Killer Klown
 46731 | Zot:5    | Killed a Killer Klown
 46733 | Zot:5    | Noticed an orb of fire
 46749 | Zot:5    | Gained mutation: Your body sometimes deteriorates upon
                  | taking damage. [an orb of fire]
 46755 | Zot:5    | Killed an orb of fire
 46770 | Zot:5    | Noticed an orb of fire
 46775 | Zot:5    | Gained mutation: Armour fits poorly on your strangely
                  | shaped body. [an orb of fire]
 46795 | Zot:5    | Killed an orb of fire
 46818 | Zot:5    | Noticed a Killer Klown
 46983 | Zot:5    | Killed a Killer Klown
 47227 | Zot:5    | Noticed an orb of fire
 47230 | Zot:5    | Noticed a Killer Klown
 47234 | Zot:5    | Noticed an orb of fire
 47235 | Zot:5    | Noticed an orb of fire
 47243 | Zot:5    | Noticed an orb of fire
 47249 | Zot:5    | Noticed an orb of fire
 47276 | Zot:5    | Noticed a Killer Klown
 47290 | Zot:5    | Gained mutation: You are occasionally teleported next to
                  | monsters. [an orb of fire]
 47295 | Zot:5    | Gained mutation: You are clumsy. (Dex -2) [an orb of fire]
 47295 | Zot:5    | Noticed an ancient lich
 47296 | Zot:5    | Gained mutation: You are frail. (-10% HP) [an orb of fire]
 47415 | Zot:5    | Killed an ancient lich
 47417 | Zot:5    | Lost mutation: You are somewhat resistant to further
                  | mutation. [potion of mutation]
 47417 | Zot:5    | Lost mutation: Your spells are easier to cast, but less
                  | powerful. [potion of mutation]
 47417 | Zot:5    | Gained mutation: You possess an exceptional clarity of
                  | mind. [potion of mutation]
 47418 | Zot:5    | Lost mutation: Your spells are a little easier to cast, but
                  | a little less powerful. [potion of mutation]
 47418 | Zot:5    | Lost mutation: You are occasionally teleported next to
                  | monsters. [potion of mutation]
 47474 | Zot:5    | Got the Orb of Zot
 47806 | Depths:2 | Identified the +10 mace of Dim Light {antimagic, rF+ rC+
                  | Dex+3} (Trog gifted it to you on level 2 of the Depths)
 47806 | Depths:2 | Received a gift from Trog
 48247 | D:$      | Escaped with the Orb!

Illustrated notes

Levels and vault maps discovered:
D:1:      amcnicky_arrival_single_pillar, layout_basic, minmay_misc_feat_pillars
D:2:      layout_rooms, minmay_quantized
D:3:      layout_basic, grunt_temple_overflow_open,
          nicolae_wu_jian_glorious_leap, mainiacjoe_overflow_large_starburst,
          uniq_ijyb
D:4:      layout_basic, kennysheep_slug_shrine, minmay_temple_entry_overgrown,
          ebering_ghost_sewer_f, uniq_edmund, uniq_robin, uniq_sigmund
D:5:      layout_basic, gup_sewer_entry_spiral, serial_shops, shop,
          nicolae_shop_behind_doors, nicolae_shop_mannequins
D:6:      layout_basic, marbit_many_paths, nicolae_overflow_crystal_walls,
          lemuel_mausoleum_altar_kikubaaqudgha, serial_shops,
          nicolae_shop_stone, eino_curves_04
D:7:      layout_basic, serial_shops, nicolae_diamond_shop
D:8:      layout_loops_cross, enter_bailey_3
D:9:      layout_loops_ring, lemuel_doored_altar, tso_altar,
          yredelemnul_forgotten_temple_becter, nzn_ghost_randoct, moated_statue
D:10:     layout_big_octagon, erik_lair_orcish_takeover
D:11:     layout_basic, hiddenorc2_lemuel, bloody_trog, uniq_nergalle
D:12:     layout_irregular_city, nicolae_dithmenos_through_a_glass_darkly
D:13:     layout_basic, hellmonk_vaults_order_and_chaos, portal_ice_cave_rime,
          uniq_snorg
D:14:     layout_grid_maze, kennysheep_cluttered_room, bh_walls_and_bars
D:15:     hangedman_depths_entry_civil_slaughter, layout_long_grid
Temple:   hellmonk_temple_of_storms
Lair:1:   layout_gridlike, grunt_megastairs_4, serial_bayou_shore_a
Lair:2:   layout_loops_ring, minmay_shoals_entry_lonely_mermaid,
          ebering_ghost_rock_garden, nicolae_lair_lindhole, lemuel_fruit_tree
Lair:3:   layout_regular_city, nicolae_spider_entry_non_spiders,
          gauntlet_entry_generic, serial_bayou_shore_b, grunt_megastairs_5
Lair:4:   layout_misc_corridors, dpeg_slime_entry_enclosed, uniq_rupert
Lair:5:   minmay_lair_end_frog_pond, layout_loops_ring,
          minmay_stone_trees_small, bobbens_dragon_lair_wall
Shoals:1: layout_shoals, nicolae_shoals_cliffside_cave
Shoals:2: layout_shoals
Shoals:3: layout_shoals, serial_shops, shop, nicolae_shoals_water_booths,
          uniq_donald
Shoals:4: shoals_end_hellmonk_holy_island
Spider:1: layout_chambers, ebering_ghost_rock_garden
Spider:2: layout_spider_delve
Spider:3: layout_spider_delve, hangedman_spider_tarantella_strand, uniq_arachne,
          uniq_agnes
Spider:4: hellmonk_spider_rune_bug_friends, hellmonk_motheaten_closet
Orc:1:    layout_diamond_mine, serial_shops, shop, basic_altar
Orc:2:    st_orc_rangers, layout_caves, serial_shops, nicolae_shop_stone
Elf:1:    eino_elf_arrival_the_gate, layout_loops_cross, guppyfry_library_mini
Elf:2:    elven_hall_of_blades_hangedman_original [nicolae_blade_tridents],
          layout_onion_city, serial_glass, glass_columns_b, glass_columns_a,
          glass_columns_a, glass_columns_a
Elf:3:    grunt_elf_hall_branching, layout_gridlike,
          serial_sigils_hangedman_carve
Depths:1: layout_cave_pools, enter_ziggurat_e, rand_demon_pan_entry_1,
          lemuel_blue_sif_altar, hell_entry, nicolae_elemental_shop,
          hangedman_eye_storm
Depths:2: grunt_deathspiral_large, layout_basic, grunt_mini_vestibule,
          minivault_11, pan_entry, nicolae_clarity_for_sale,
          infiniplex_staircase_zigzag_2
Depths:3: minmay_roctagon, layout_cave_pools,
          nicolae_gozag_cash_rules_everything_around_me, abyss_entry,
          hell_entry, uniq_boris
Depths:4: evilmike_zot_entry_castle, layout_cave_shapes, hell_entry,
          ebering_dispersal_statue_hall, grunt_megastairs_1
Zot:1:    gammafunk_dig_for_victory, layout_misc_corridors
Zot:2:    layout_basic, regret_index_zotdec_banners,
          gammafunk_ghost_wrathful_warriors, bh_zot_ikea_curve,
          regret_index_zotdec_dark_gr, regret_index_zotdec_serpentine_scales,
          door_vault, uniq_josephina
Zot:3:    layout_onion_interference, skrybe_zot_glass_1
Zot:4:    layout_basic, regret_index_zotdec_tunneler,
          regret_index_zotdec_onion_hex
Zot:5:    layout_concentric_octagons, ebering_ghost_disaster_area,
          hangedman_zot_decor_scrapings

Skill      XL: |  1  2  3  4  5  6  7  8  9 10 11 12 13 14 15 16 17 18 19 20 21 22 23 24 |
---------------+-------------------------------------------------------------------------+-----
Fighting       | 4 5 6 8 9 10 12 13 15 16 17 18 19 20 21 22 | 22.8
Maces & Flails | 4 5 6 7 12 13 | 13.7
Armour         | 3 4 5 6 7 9 10 12 13 14 15 16 17 18 19 20 21 22 | 22.6
Dodging        | 3 4 5 6 8 9 11 12 13 14 15 16 17 18 19 20 21 | 21.0
Axes           | 2 5 7 9 11 13 | 13.4
Throwing       | 4 9 12 13 14 15 16 17 18 19 | 19.4
Evocations     | 4 5 7 8 9 10 11 12 13 | 13.0
Shields        | 4 10 11 13 14 15 16 17 18 | 18.0

Action                     |  1- 3 |  4- 6 |  7- 9 | 10-12 | 13-15 | 16-18 | 19-21 | 22-24 || total
---------------------------+-------+-------+-------+-------+-------+-------+-------+-------++-------
  Melee: Mace              |   101 |    61 |    16 |       |       |       |       |       ||   178
         Headbutt          |    13 |     9 |    39 |    79 |   160 |   326 |   405 |   251 ||  1282
         Flail             |       |       |   100 |       |       |       |       |       ||   100
         Battleaxe         |       |       |   124 |   330 |   221 |       |       |       ||   675
         Eveningstar       |       |       |       |       |   330 |   945 |  1411 |   912 ||  3598
         Dire flail        |       |       |       |       |   199 |   262 |       |       ||   461
  Throw: Stone             |       |     3 |       |    11 |    41 |       |       |       ||    55
         Boomerang         |       |       |       |       |    29 |    50 |    23 |    58 ||   160
         Javelin           |       |       |       |       |       |       |     6 |       ||     6
 Invoke: Berserk           |       |     2 |     4 |     4 |     4 |       |       |       ||    14
         Trog's Hand       |       |     1 |     4 |     2 |     4 |     3 |     6 |     6 ||    26
         Brothers in Arms  |       |       |       |     4 |     7 |     6 |     5 |     5 ||    27
  Evoke: Wand              |       |       |       |       |     1 |       |       |       ||     1
         Phial of floods   |       |       |       |       |     1 |       |       |       ||     1
         Sack of spiders   |       |       |       |       |     1 |       |       |       ||     1
    Use: Scroll            |     7 |     4 |    11 |     5 |    13 |     6 |    14 |     9 ||    69
         Potion            |       |       |       |     1 |     5 |     1 |    10 |    10 ||    27
   Stab: Sleeping          |       |       |     2 |     3 |     2 |       |       |       ||     7
         Distracted        |       |       |       |       |     1 |     1 |     1 |       ||     3
 Armour: Animal skin       |    40 |       |       |       |       |       |       |       ||    40
         Ring mail         |    15 |    33 |    89 |   287 |   405 |       |       |       ||   829
         Chain mail        |       |     8 |   154 |       |       |       |       |       ||   162
         Plate armour      |       |       |       |       |   384 |     9 |       |       ||   393
         Gold dragon scale |       |       |       |       |       |  1260 |  1149 |   822 ||  3231
  Dodge: Dodged            |    68 |    36 |   158 |   321 |   799 |   453 |   508 |   256 ||  2599
  Block: Kite shield       |       |       |       |       |       |    64 |       |       ||    64
         Tower shield      |       |       |       |       |       |   763 |  1422 |   740 ||  2925

Table legend: (Time is in decaauts)
 A = Elapsed time spent in this place.
 B = Non-inter-level travel time spent in this place.
 C = Inter-level travel time spent in this place.
 D = Time resting spent in this place.
 E = Time spent auto-exploring this place.
 F = Levels seen in this place.
 G = Mean time per level.
                   A        B        C        D        E       F      G
               +--------+--------+--------+--------+--------+-----+--------+
         Total |  48074 |  42607 |   5467 |   4645 |  21667 |  49 |  981.1 |
       Dungeon |  14302 |  12099 |   2203 |    510 |   8048 |  15 |  953.5 |
        Temple |      1 |      0 |      1 |      0 |      0 |   1 |    1.0 |
          Lair |   5291 |   4559 |    732 |    499 |   2728 |   5 | 1058.2 |
        Shoals |   4068 |   3895 |    173 |    393 |   2289 |   4 | 1017.0 |
   Spider Nest |   4596 |   4400 |    196 |    932 |   1476 |   4 | 1149.0 |
  Orcish Mines |   1502 |   1216 |    286 |     56 |    633 |   2 |  751.0 |
   Elven Halls |   3032 |   2884 |    148 |    260 |   1565 |   3 | 1010.7 |
        Depths |   6097 |   5106 |    991 |    516 |   2497 |   4 | 1524.2 |
           Zot |   7266 |   6532 |    734 |   1350 |   2129 |   5 | 1453.2 |
         Abyss |    485 |    485 |      0 |      0 |      0 |   2 |  242.5 |
         Sewer |     86 |     86 |      0 |      0 |     12 |   1 |   86.0 |
        Bailey |    323 |    323 |      0 |     69 |     30 |   1 |  323.0 |
      Ice Cave |    625 |    625 |      0 |      0 |    254 |   1 |  625.0 |
      Gauntlet |    394 |    394 |      0 |     58 |      5 |   1 |  394.0 |
               +--------+--------+--------+--------+--------+-----+--------+

Top non-repeatable levels by time:
Depths:2: 2191 daAuts
   Zot:2: 2110 daAuts
Depths:4: 1886 daAuts
   Zot:4: 1853 daAuts
   Zot:5: 1734 daAuts
Spider:1: 1587 daAuts
     D:5: 1533 daAuts
  Lair:5: 1391 daAuts
Spider:4: 1314 daAuts
  Lair:3: 1297 daAuts
Depths:1: 1258 daAuts
    D:11: 1221 daAuts
Shoals:1: 1210 daAuts
     D:6: 1177 daAuts
   Elf:3: 1171 daAuts
